 Dungeon Crawl Stone Soup version 0.27-a0-1196-g3e9cee4cb2 (webtiles) character file.

Game seed: 18211228253552437720

266 Shayle the Sneak (level 6, 0/48 HPs)
             Began as a Demonspawn Enchanter on May 28, 2021.
             Slain by an orc
             ... wielding a +0 dagger
              (2 damage)
             ... on level 4 of the Dungeon.
             The game lasted 00:10:06 (3896 turns).

Shayle the Sneak (Demonspawn Enchanter)             Turns: 3896, Time: 00:10:07

Health: 0/48       AC:  3    Str: 11    XL:     6   Next: 0%
Magic:  9/9        EV: 12    Int: 16    God:
Gold:   128        SH:  5    Dex: 13    Spells: 6/9 levels left

rFire    . . .     SeeInvis .   a - +1 dagger
rCold    . . .     Faith    .   (no shield)
rNeg     . . .     Spirit   .   b - +0 robe
rPois    .         Reflect  +   (no helmet)
rElec    .         Harm     .   (no cloak)
rCorr    .         Rampage  .   (no gloves)
Will     .....                  h - +0 pair of boots
Stlth    ++........             d - amulet of reflection
HPRegen  0.16/turn              (no ring)
MPRegen  0.22/turn              (no ring)

@: silenced (expiring)
A: magic regeneration, demonic magic 2
a: no special abilities


You were on level 4 of the Dungeon.
You visited 1 branch of the dungeon, and saw 4 of its levels.

You collected 128 gold pieces.

Inventory:

Hand Weapons
 a - a +1 dagger (weapon)
Armour
 b - a +0 robe (worn)
 h - a +0 pair of boots (worn)
Jewellery
 d - an amulet of reflection (around neck)
Scrolls
 c - a scroll of identify
 g - a scroll of magic mapping
Potions
 e - 2 potions of resistance
 k - a potion of haste


   Skills:
 + Level 4.0 Fighting
 - Level 0.8 Short Blades
 - Level 1.7 Dodging
 + Level 5.0 Stealth
 - Level 2.0 Spellcasting
 - Level 3.0 Hexes


You had 6 spell levels left.
You knew the following spells:

 Your Spells              Type           Power      Damage    Failure   Level
a - Corona                Hex            12%        N/A       6%          1
b - Ensorcelled Hibernat  Hex/Ice        12%        N/A       17%         2

Your spell library contained the following spells:

 Spells                   Type           Power      Damage    Failure   Level
 Confusing Touch          Hex            11%        N/A       19%         3
 Tukima's Dance           Hex            11%        N/A       19%         3
 Dazzling Flash           Conj/Hex       12%        N/A       32%         3


Dungeon Overview and Level Annotations

Branches:
Dungeon (4/15)
 Temple: D:4-7

Altars:


Innate Abilities, Weirdness & Mutations

You regenerate magic rapidly.
Spells you cast may paralyse nearby enemies.


Message History

Sorry, you're not good enough to have a special ability.
Unknown command.
You closely miss the orc priest.
The orc priest is heavily wounded.
You block the orc's attack. The orc hits you but does no damage.
The orc priest mumbles some strange prayers to Beogh against you.
Beogh smites you!
* * * LOW HITPOINT WARNING * * *
Unknown command.
Sorry, you're not good enough to have a special ability.
Unknown command.
Sorry, you're not good enough to have a special ability.
You aren't carrying any items that you can evoke.
You hit the orc priest but do no damage.
The orc priest is heavily wounded.
The orc barely misses you. The orc hits you but does no damage.
The orc priest barely misses you.
Unknown command.
You closely miss the orc priest.
The orc priest is heavily wounded.
You block the orc's attack.
The orc priest miscasts a cantrip.
The orc hits you but does no damage. The orc priest closely misses you.
Unknown command.
You hit the orc priest.
The orc priest is severely wounded.
The orc closely misses you. The orc hits you with a +0 dagger.
* * * LOW HITPOINT WARNING * * *
The orc priest misses you.
Unknown command.
You closely miss the orc priest.
The orc priest is severely wounded.
The orc hits you but does no damage. The orc closely misses you.
The orc priest hits you with a +0 club.
* * * LOW HITPOINT WARNING * * *
Unknown command.
You hit the orc priest but do no damage.
The orc priest is severely wounded.
The orc hits you but does no damage. The orc hits you with a +0 dagger.
You die...

#.......###........# ####
#.......#..........####...
#........).........##...##
#.........#...........###
#.........###o.....####
#.........##...)..##
#........o...######
####....oo#### #....o@#
#......# ########


You could see 2 orc priests and 2 orcs.

Vanquished Creatures
  An ogre (D:4)
  A water moccasin skeleton (D:3)
  An iguana (D:4)
  3 adders (D:2)
  2 worms (D:3)
  3 dart slugs (D:1)
  8 orcs (D:3)
  6 endoplasms
  2 giant cockroaches
  5 goblins
  6 hobgoblins
  A quokka (D:3)
  5 ball pythons
  6 bats
  3 frilled lizards
  3 kobolds
  5 rats
61 creatures vanquished.

Notes
Turn   | Place    | Note
-------+----------+-------------------------------------------
     0 | D:1      | Shayle the Demonspawn Enchanter began the quest for the
                  | Orb.
     0 | D:1      | Reached XP level 1. HP: 13/13 MP: 3/3
     6 | D:1      | Noticed a komodo dragon
     6 | D:1      | Noticed a swamp drake
     6 | D:1      | Noticed a swamp worm
     7 | D:1      | Noticed a black bear
     7 | D:1      | Noticed an anaconda
   370 | D:1      | Reached skill level 1 in Fighting
   370 | D:1      | Reached skill level 3 in Stealth
   566 | D:1      | Gained mutation: Spells you cast may paralyse adjacent
                  | enemies. [demonic ancestry]
   566 | D:1      | Reached XP level 2. HP: 17/21 MP: 3/5
   784 | D:1      | Learned a level 2 spell: Ensorcelled Hibernation
  1485 | D:1      | Gained mutation: Spells you cast may paralyse nearby
                  | enemies. [demonic ancestry]
  1485 | D:1      | Reached XP level 3. HP: 27/27 MP: 6/6
  1920 | D:2      | Found a faded altar of an unknown god.
  2329 | D:3      | Gained mutation: You regenerate magic rapidly. [demonic
                  | ancestry]
  2329 | D:3      | Reached XP level 4. HP: 33/34 MP: 5/7
  2545 | D:3      | Reached skill level 4 in Stealth
  3174 | D:3      | Reached XP level 5. HP: 40/41 MP: 5/8
  3585 | D:4      | Noticed an ogre
  3597 | D:4      | HP: 1/41 [ogre/+0 giant club (17)]
  3603 | D:4      | Killed an ogre
  3604 | D:4      | Reached skill level 5 in Stealth
  3881 | D:4      | Reached XP level 6. HP: 38/48 MP: 9/9
  3895 | D:4      | HP: 2/48 [orc priest/+0 club (1)]
  3896 | D:4      | Slain by an orc

Illustrated notes

Levels and vault maps discovered:
D:1:      onia_arrival_zoo_common, layout_rooms, serial_corexii_hall,
          corexii_hall_statues_l, chequers_hall_statues_y,
          chequers_hall_statues_corner_a, corexii_hall_statues_u
D:2:      layout_rooms, shapermc_ecumenical_altar_notcrosses
D:3:      minmay_general_purpose_star, layout_basic,
          chequers_serial_rivers_small_3, serial_bayou_crossing
D:4:      layout_rooms, grunt_ministairs_8

Skill      XL: |  1  2  3  4  5 |
---------------+----------------+-----
Fighting       | 1 2 3 4 |  4.0
Stealth        | 3 4 5 |  5.0
Short Blades   | |  0.8
Dodging        | |  1.7
Spellcasting   | |  2.0
Hexes          | |  3.0

Action                   |  1- 3 |  4- 6 || total
-------------------------+-------+-------++-------
Melee: Dagger            |    81 |    78 ||   159
 Cast: Corona            |    21 |    17 ||    38
       Ensorcelled Hiber |     6 |     6 ||    12
  Use: Scroll            |     2 |     5 ||     7
       Potion            |       |     3 ||     3
 Stab: Sleeping          |    11 |     6 ||    17
       Paralysed         |    13 |    12 ||    25
Armor: Robe              |    16 |    13 ||    29
Dodge: Dodged            |    46 |    44 ||    90
Block: Other             |    11 |    15 ||    26
       Reflection        |       |     1 ||     1

Table legend: (Time is in decaauts)
 A = Elapsed time spent in this place.
 B = Non-inter-level travel time spent in this place.
 C = Inter-level travel time spent in this place.
 D = Time resting spent in this place.
 E = Time spent auto-exploring this place.
 F = Levels seen in this place.
 G = Mean time per level.
                   A        B        C        D        E       F      G
               +--------+--------+--------+--------+--------+-----+--------+
         Total |   3916 |   3780 |    136 |   1319 |   1695 |   4 |  979.0 |
       Dungeon |   3916 |   3780 |    136 |   1319 |   1695 |   4 |  979.0 |
               +--------+--------+--------+--------+--------+-----+--------+

Top non-repeatable levels by time:
     D:1: 1406 daAuts
     D:3: 1256 daAuts
     D:2: 889 daAuts
     D:4: 363 daAuts
